cohdb
Replays
Latest Replays
All Replays
Popular Replays
Top Player Replays
Match Explorer
How It Works
Community
CoH3 Stats
Reddit
Sign in to upload your games and track your stats! →
Sign in with Steam
Match 36580123
Unlisted
Match 36580123
Overview
Messages
Build Orders
End
Vickers Machine Gun Team
Construct Section Command Post
Selects Indian Artillery Battlegroup
Infantry Section
Infantry Section
ML 3-inch Mortar Team
Selects War Cry
Construct Platoon Command Post
Selects Gurkha Rifles Section
Arty-Marty
FeinerBruno
MalloyGaming
jeromefactory32
El Pollo
TheGoodMoose
vincent
Mr.Wu
0
0
Comments
sign in to comment!
No comments posted yet!